[Event "IIFL Wealth 4th Mumbai GM"]
[Site "Mumbai"]
[Date "2018.12.31"]
[Round "2"]
[White "Rahman, Ziaur"]
[Black "Balasubramaniam H"]
[Result "1/2-1/2"]
[ECO "A45"]
[WhiteElo "2468"]
[BlackElo "2270"]
[Annotator "RC"]
[PlyCount "143"]
[EventDate "2018.12.30"]
[EventType "swiss"]
[EventCountry "IND"]
[SourceTitle "playchess.com"]
[Source "ChessBase"]
[SourceQuality "1"]
[TimeControl "40/5400+30:1800+30"]

1. d4 Nf6 2. Bg5 d5 3. e3 e6 4. Nd2 Be7 5. Bd3 O-O 6. Ngf3 Nbd7 7. c3 b6 8. b4 Bb7 9. Qb1 h6 10. Bh4 Ng4 11. Bg3 Bd6 12. c4 Bxg3 13. hxg3 f5 14. cxd5 Bxd5 15. Bc4 Ndf6 16. Bxd5 Qxd5 17. O-O Rf7 18. Qb3 a5 19. b5 a4 20. Qc4 Ra5 21. Rab1 Ne4 22. Qxd5 exd5 23. Nxe4 fxe4 24. Nh2 Nf6 25. Rfc1 h5 26. Rb4 Ne8 27. g4 g6 28. gxh5 gxh5 29. Nf1 Nd6 30. Rcb1 h4 31. Nd2 Rg7 32. Kh2 Ra8 33. f3 Kh8 34. Re1 a3 35. fxe4 dxe4 36. Nc4 Nf5 37. Rf1 Nh6 38. Ne5 Rag8 39. Rf2 Rg5 40. Rc4 R8g7 41. Rc3 Re7 42. Rf4 Reg7 43. Rc2 Nf5 44. Rxe4 Rg3 45. Nc4 h3 46. gxh3 Rh7 47. Re8+ Kg7 48. Re7+ Nxe7 49. Kxg3 Nf5+ 50. Kh2 Kf6 51. Rf2 Ke6 52. Nxa3 Nd6 53. Nb1 Nxb5 54. a4 Nd6 55. Nc3 c5 56. dxc5 bxc5 57. a5 Ra7 58. Ra2 Ra6 59. Ra4 Nb7 60. Kg3 Rxa5 61. Rxa5 Nxa5 62. Kf4 Nc6 63. h4 Ne5 64. Ne4 c4 65. Nc3 Kf6 66. Ke4 Ng4 67. Kf4 Ne5 68. h5 Nd3+ 69. Kg4 Ne5+ 70. Kh4 Nf3+ 71. Kg3 Ne5 72. Kf4 1/2-1/2

[Event "IIFL Wealth 4th Mumbai GM"]
[Site "Mumbai"]
[Date "2018.12.31"]
[Round "2"]
[White "Lugovskoy, Maxim"]
[Black "Saurabh Anand"]
[Result "1/2-1/2"]
[ECO "C49"]
[WhiteElo "2445"]
[BlackElo "2246"]
[Annotator "NA"]
[PlyCount "110"]
[EventDate "2018.12.30"]
[EventType "swiss"]
[EventCountry "IND"]
[SourceTitle "playchess.com"]
[Source "ChessBase"]
[SourceQuality "1"]
[TimeControl "40/5400+30:1800+30"]

1. e4 e5 2. Nf3 Nc6 3. Nc3 Nf6 4. Bb5 Bb4 5. O-O O-O 6. d3 Bxc3 7. bxc3 d6 8. Bg5 Qe7 9. Re1 a6 10. Ba4 Nd8 11. d4 Ne6 12. Bd2 b5 13. Bb3 Bb7 14. Bxe6 Qxe6 15. d5 Qe7 16. Bg5 h6 17. Bh4 c6 18. c4 bxc4 19. Rb1 Rab8 20. Rb6 cxd5 21. exd5 Qc7 22. Rxb7 Rxb7 23. Bxf6 gxf6 24. Nh4 Kh7 25. Qh5 Rg8 26. Qf5+ Rg6 27. Nxg6 fxg6 28. Qxf6 Qa5 29. Rd1 Qxd5 30. Qe7+ Kg8 31. Qe8+ Kg7 32. Qe7+ Rxe7 33. Rxd5 Rb7 34. f4 Rb1+ 35. Kf2 Rb2 36. Rxd6 Rxc2+ 37. Kf3 e4+ 38. Kxe4 Rxa2 39. Rc6 Rxg2 40. Rc7+ Kf6 41. Rc6+ Ke7 42. Rxc4 Re2+ 43. Kf3 Re6 44. Ra4 Kd7 45. Kg4 Rf6 46. h4 Kc7 47. h5 gxh5+ 48. Kxh5 Kb6 49. Kg4 a5 50. f5 Kb5 51. Ra2 a4 52. Kf4 Kb4 53. Ke5 Rf8 54. Rh2 Rh8 55. f6 a3 1/2-1/2

[Event "IIFL Wealth 4th Mumbai GM"]
[Site "Mumbai"]
[Date "2018.12.31"]
[Round "2"]
[White "Laxman, R.R."]
[Black "Navalgund, Niranjan"]
[Result "1/2-1/2"]
[ECO "A49"]
[WhiteElo "2436"]
[BlackElo "2240"]
[Annotator "NA"]
[PlyCount "48"]
[EventDate "2018.12.30"]
[EventType "swiss"]
[EventCountry "IND"]
[SourceTitle "playchess.com"]
[Source "ChessBase"]
[SourceQuality "1"]
[TimeControl "40/5400+30:1800+30"]

1. d4 Nf6 2. Nf3 g6 3. g3 Bg7 4. Bg2 O-O 5. O-O d6 6. Nc3 d5 7. Re1 Bf5 8. Nh4 Bg4 9. h3 Be6 10. Nf3 h6 11. e4 dxe4 12. Nxe4 Nxe4 13. Rxe4 Bd5 14. Re1 Re8 15. c3 Nc6 16. Bf4 g5 17. Be3 e5 18. dxe5 Nxe5 19. Nxe5 Rxe5 20. Bxd5 Qxd5 21. Qb3 Qf3 22. Qd1 Qd5 23. Qb3 Qf3 24. Qd1 Qd5 1/2-1/2

[Event "IIFL Wealth 4th Mumbai GM"]
[Site "Mumbai"]
[Date "2018.12.31"]
[Round "2"]
[White "Rajesh, V A V"]
[Black "Soham Datar"]
[Result "1-0"]
[ECO "D12"]
[WhiteElo "2402"]
[BlackElo "2134"]
[Annotator "NA"]
[PlyCount "55"]
[EventDate "2018.12.30"]
[EventType "swiss"]
[EventCountry "IND"]
[SourceTitle "playchess.com"]
[Source "ChessBase"]
[SourceQuality "1"]
[TimeControl "40/5400+30:1800+30"]

1. d4 d5 2. c4 c6 3. Nf3 Nf6 4. e3 Bf5 5. Nc3 e6 6. Be2 Nbd7 7. Nh4 Be4 8. f3 Bg6 9. O-O Bd6 10. cxd5 Ng4 11. f4 Nxh2 12. dxe6 Qxh4 13. exd7+ Kxd7 14. Rf2 Qg3 15. f5 Rae8 16. e4 Nf3+ 17. Rxf3 Qh2+ 18. Kf2 Qh4+ 19. Ke3 Rxe4+ 20. Nxe4 Re8 21. Bd3 Bh5 22. Qf1 Bxf3 23. gxf3 Qh2 24. Qf2 Bf4+ 25. Ke2 Qh1 26. Qf1 Qh2+ 27. Kd1 Bxc1 28. Kxc1 1-0

[Event "IIFL Wealth 4th Mumbai GM"]
[Site "Mumbai"]
[Date "2018.12.31"]
[Round "2"]
[White "Ravi, Teja S."]
[Black "Thipsay, Bagyashree Sathe"]
[Result "1-0"]
[ECO "A80"]
[WhiteElo "2396"]
[BlackElo "2028"]
[Annotator "NA"]
[PlyCount "67"]
[EventDate "2018.12.30"]
[EventType "swiss"]
[EventCountry "IND"]
[SourceTitle "playchess.com"]
[Source "ChessBase"]
[SourceQuality "1"]
[TimeControl "40/5400+30:1800+30"]

1. d4 f5 2. Nf3 Nf6 3. c4 e6 4. e3 Bb4+ 5. Bd2 a5 6. Bxb4 axb4 7. Qb3 Qe7 8. c5 Nc6 9. Bb5 Nd5 10. O-O O-O 11. Nbd2 d6 12. cxd6 cxd6 13. a4 Bd7 14. Qd3 Kh8 15. Rfe1 Nd8 16. e4 Nf4 17. Qf1 fxe4 18. Rxe4 Bc6 19. Bxc6 bxc6 20. b3 d5 21. Re3 c5 22. dxc5 Qxc5 23. Ne5 Nf7 24. Nd7 Qd6 25. Nxf8 Rxf8 26. a5 d4 27. Ree1 d3 28. a6 Ng5 29. h4 Ne2+ 30. Rxe2 dxe2 31. Qxe2 Qd4 32. Ra5 Qxh4 33. a7 Ra8 34. Qe5 1-0

[Event "IIFL Wealth 4th Mumbai GM"]
[Site "Mumbai"]
[Date "2018.12.31"]
[Round "2"]
[White "Raahul V S"]
[Black "Nayem, Haque"]
[Result "1/2-1/2"]
[ECO "A20"]
[WhiteElo "2381"]
[BlackElo "2083"]
[Annotator "NA"]
[PlyCount "172"]
[EventDate "2018.12.30"]
[EventType "swiss"]
[EventCountry "IND"]
[SourceTitle "playchess.com"]
[Source "ChessBase"]
[SourceQuality "1"]
[TimeControl "40/5400+30:1800+30"]

1. c4 e5 2. g3 Nf6 3. Bg2 d5 4. cxd5 Nxd5 5. Nc3 Ne7 6. Nf3 Nbc6 7. O-O g6 8. b4 a6 9. Bb2 Bg7 10. a3 O-O 11. Rc1 h6 12. d3 Be6 13. Nd2 Qc8 14. Re1 Rd8 15. Na4 Ra7 16. Nc5 Bd5 17. e4 Be6 18. Nf1 Bh3 19. Bh1 b6 20. Na4 Qd7 21. Ne3 Be6 22. Nc3 Nd4 23. Ncd5 Bxd5 24. exd5 Ndf5 25. Nxf5 Qxf5 26. d4 e4 27. Bxe4 Qd7 28. Qb3 Nxd5 29. Bxd5 Qxd5 30. Re8+ Kh7 31. Qxd5 Rxd5 32. Re7 Kg8 33. Rc4 Bf6 34. Re2 a5 35. Rc6 Kg7 36. bxa5 bxa5 37. a4 Rb7 38. Bc3 Rd6 39. Rc4 Rd5 40. Re8 Rb1+ 41. Kg2 Rd1 42. Re4 Kg8 43. Rf4 Bd8 44. Re4 Bf6 45. Rf4 Bd8 46. Rf3 Rb1 47. Re3 Kf8 48. Re5 c6 49. Rxd5 cxd5 50. Rc5 Ke8 51. Rxd5 Rd1 52. Rc5 Kd7 53. Kf3 Bb6 54. Re5 Rb1 55. Bxa5 Rb3+ 56. Kg2 f6 57. Rd5+ Ke6 58. Bxb6 Kxd5 59. Bc5 Kc6 60. a5 Kb5 61. Bb6 g5 62. g4 Ra3 63. Bd8 Kc4 64. Bxf6 Rxa5 65. Bg7 Ra6 66. Kg3 Kd5 67. f3 Rg6 68. Be5 Ra6 69. Bg7 Rg6 70. Be5 Ra6 71. h4 Ke6 72. h5 Ra7 73. f4 Ra3+ 74. Kf2 Ra2+ 75. Kf3 Kd5 76. fxg5 hxg5 77. Bf6 Ra3+ 78. Ke2 Ra2+ 79. Kd3 Ra3+ 80. Kc2 Ra2+ 81. Kb3 Rh2 82. Kb4 Rh4 83. Bxg5 Rxg4 84. Bf6 Rf4 85. Bg7 Rh4 86. h6 Rxh6 1/2-1/2

[Event "IIFL Wealth 4th Mumbai GM"]
[Site "Mumbai"]
[Date "2018.12.31"]
[Round "2"]
[White "Sammed Jaykumar, Shete"]
[Black "Aaryan Varshney"]
[Result "1-0"]
[ECO "B90"]
[WhiteElo "2378"]
[BlackElo "2200"]
[Annotator "NA"]
[PlyCount "152"]
[EventDate "2018.12.30"]
[EventType "swiss"]
[EventCountry "IND"]
[SourceTitle "playchess.com"]
[Source "ChessBase"]
[SourceQuality "1"]
[TimeControl "40/5400+30:1800+30"]

1. e4 c5 2. Nf3 d6 3. d4 cxd4 4. Nxd4 Nf6 5. Nc3 a6 6. Nb3 e5 7. Bg5 Be7 8. Bxf6 Bxf6 9. Qd3 Be6 10. O-O-O Be7 11. Nd5 Bxd5 12. Qxd5 Nc6 13. c3 O-O 14. g3 Qb6 15. Qd2 Rac8 16. Kb1 Na5 17. Nxa5 Qxa5 18. h4 b5 19. Bd3 Qb6 20. Bc2 a5 21. Bb3 b4 22. cxb4 Qxb4 23. Qxb4 axb4 24. Rd5 Rc5 25. Rxc5 dxc5 26. Rd1 Rd8 27. Rxd8+ Bxd8 28. Kc2 c4 29. Bxc4 Bb6 30. f3 Kf8 31. Kb3 Bc5 32. Bd5 f6 33. Kc4 Bd6 34. Kb5 Ke8 35. Kc6 Be7 36. Bg8 h6 37. h5 Bf8 38. Kd5 Kd7 39. Be6+ Ke8 40. Bf5 Be7 41. f4 exf4 42. gxf4 Bf8 43. e5 fxe5 44. fxe5 Be7 45. Ke6 Bc5 46. Bg6+ Kd8 47. Kf7 Bd4 48. e6 Bc5 49. Bf5 Bd6 50. Kxg7 Bf4 51. Kf6 Bg5+ 52. Ke5 Be7 53. Kd5 Kc7 54. Bg4 Kb6 55. Kc4 Kc6 56. Kb3 Kb5 57. a3 bxa3 58. bxa3 Kb6 59. a4 Ka5 60. Bd1 Kb6 61. Kc4 Bf8 62. Kd5 Be7 63. Be2 Bf8 64. a5+ Kxa5 65. Kc6 Ba3 66. Kd7 Kb6 67. e7 Bxe7 68. Kxe7 Kc7 69. Kf7 Kd6 70. Kg7 Ke7 71. Kxh6 Kf8 72. Bc4 Ke7 73. Kg7 Kd6 74. h6 Kc5 75. h7 Kxc4 76. h8=Q Kd5 1-0

[Event "IIFL Wealth 4th Mumbai GM"]
[Site "Mumbai"]
[Date "2018.12.31"]
[Round "2"]
[White "Anuj Shrivatri"]
[Black "Varshini, V."]
[Result "1/2-1/2"]
[ECO "A14"]
[WhiteElo "2357"]
[BlackElo "2171"]
[Annotator "NA"]
[PlyCount "59"]
[EventDate "2018.12.30"]
[EventType "swiss"]
[EventCountry "IND"]
[SourceTitle "playchess.com"]
[Source "ChessBase"]
[SourceQuality "1"]
[TimeControl "40/5400+30:1800+30"]

1. Nf3 d5 2. c4 e6 3. g3 Nf6 4. Bg2 Be7 5. O-O O-O 6. b3 c5 7. Bb2 b6 8. cxd5 exd5 9. d4 Nbd7 10. Nc3 Bb7 11. Rc1 a6 12. dxc5 Nxc5 13. Nd4 Re8 14. Qc2 Rc8 15. Bh3 Rc7 16. Na4 Bd6 17. Nxc5 bxc5 18. Nf5 Re5 19. Bg2 Ne4 20. Nd4 Rc8 21. Nf3 Re7 22. e3 Qb6 23. Nd2 Nf6 24. Rfe1 h6 25. Qd3 a5 26. Nb1 Ne4 27. Nc3 Nxc3 28. Qxc3 d4 29. exd4 Rxe1+ 30. Qxe1 1/2-1/2

[Event "IIFL Wealth 4th Mumbai GM"]
[Site "Mumbai"]
[Date "2018.12.31"]
[Round "2"]
[White "Tran, Minh Thang"]
[Black "Pranesh M"]
[Result "1-0"]
[ECO "A05"]
[WhiteElo "2342"]
[BlackElo "2125"]
[Annotator "NA"]
[PlyCount "79"]
[EventDate "2018.12.30"]
[EventType "swiss"]
[EventCountry "IND"]
[SourceTitle "playchess.com"]
[Source "ChessBase"]
[SourceQuality "1"]
[TimeControl "40/5400+30:1800+30"]

1. Nf3 Nf6 2. b3 g6 3. Bb2 Bg7 4. g3 O-O 5. Bg2 c5 6. c4 d6 7. O-O e5 8. d3 Nc6 9. Nc3 Be6 10. Nd2 Qd7 11. Nde4 Bh3 12. Nxf6+ Bxf6 13. Nd5 Bg7 14. f4 Rae8 15. fxe5 Nxe5 16. Qd2 Bxg2 17. Kxg2 f5 18. h3 Nc6 19. Rae1 Ne7 20. Bxg7 Nxd5 21. Bh6 Nf6 22. Bxf8 Rxf8 23. e4 Qc6 24. Kh2 fxe4 25. dxe4 Kg7 26. Qc3 Qa6 27. Re2 Qb6 28. Ref2 Qd8 29. e5 dxe5 30. Qxe5 h6 31. Qxc5 h5 32. Qe5 b6 33. b4 Rf7 34. c5 bxc5 35. bxc5 Rf8 36. c6 Rf7 37. Rxf6 Rxf6 38. Qxf6+ Qxf6 39. Rf2 Qf4 40. Rxf4 {[%emt 0:00:40] Kf6 [%clk 1:10:57] Rxf6 [%clk 1:44:11]} 1-0

[Event "IIFL Wealth 4th Mumbai GM"]
[Site "Mumbai"]
[Date "2018.12.31"]
[Round "2"]
[White "Siva Mahadevan"]
[Black "Snehal, Bhosale"]
[Result "1-0"]
[ECO "B66"]
[WhiteElo "2333"]
[BlackElo "2135"]
[Annotator "NA"]
[PlyCount "79"]
[EventDate "2018.12.30"]
[EventType "swiss"]
[EventCountry "IND"]
[SourceTitle "playchess.com"]
[Source "ChessBase"]
[SourceQuality "1"]
[TimeControl "40/5400+30:1800+30"]

1. e4 c5 2. Nf3 d6 3. d4 cxd4 4. Nxd4 Nf6 5. Nc3 Nc6 6. Bg5 e6 7. Qd2 a6 8. Nxc6 bxc6 9. O-O-O Be7 10. Bc4 d5 11. Bb3 O-O 12. Rhe1 h6 13. Bf4 Nd7 14. exd5 cxd5 15. Bxd5 exd5 16. Nxd5 Bc5 17. Bxh6 Bb7 18. Bg5 f6 19. Be3 Re8 20. Bxc5 Nxc5 21. Rxe8+ Qxe8 22. Nc7 Qc6 23. Nxa8 Bxa8 24. f3 Kh7 25. Qc3 Qb6 26. Rd4 Bb7 27. b4 Ne6 28. Qd3+ Kg8 29. Rd6 Qg1+ 30. Kb2 Qe1 31. Qc3 Qe2 32. Rb6 Bd5 33. Rd6 Bc4 34. Rd2 Qf1 35. a4 Kh8 36. b5 axb5 37. axb5 Kh7 38. Qe3 Nc7 39. b6 Na6 40. Qf2 1-0

[Event "IIFL Wealth 4th Mumbai GM"]
[Site "Mumbai"]
[Date "2018.12.31"]
[Round "2"]
[White "Srijit Paul"]
[Black "Khusenkhojaev, Muhammad"]
[Result "0-1"]
[ECO "C54"]
[WhiteElo "2298"]
[BlackElo "2455"]
[Annotator "ChessBase"]
[PlyCount "59"]
[EventDate "2018.12.30"]
[EventType "swiss"]
[EventCountry "IND"]
[SourceTitle "playchess.com"]
[Source "ChessBase"]
[SourceQuality "1"]
[TimeControl "40/5400+30:1800+30"]

1. e4 e5 2. Nf3 Nc6 3. Bc4 Bc5 4. c3 Nf6 5. d3 d6 6. Bb3 a6 7. h3 Ba7 8. Nbd2 O-O 9. Nf1 d5 10. Qe2 Be6 11. Bc2 b5 12. N3h2 Nd7 13. Ne3 d4 14. Nf5 dxc3 15. bxc3 b4 16. Ba4 Nc5 17. Bxc6 Nxd3+ 18. Kf1 Nxf2 19. Be3 Nxh1 20. Bxa7 Bxf5 21. Qe3 Rxa7 22. exf5 Qd6 23. Bf3 e4 24. Ng4 Ng3+ 25. Kf2 exf3 26. Qxa7 Nxf5 27. Kg1 bxc3 28. Qf2 c2 29. Rc1 h5 30. Ra1 0-1

[Event "IIFL Wealth 4th Mumbai GM"]
[Site "Mumbai"]
[Date "2018.12.31"]
[Round "2"]
[White "Mohota, Nisha"]
[Black "Muthaiah AL"]
[Result "0-1"]
[ECO "B22"]
[WhiteElo "2264"]
[BlackElo "2408"]
[Annotator "NA"]
[PlyCount "88"]
[EventDate "2018.12.30"]
[EventType "swiss"]
[EventCountry "IND"]
[SourceTitle "playchess.com"]
[Source "ChessBase"]
[SourceQuality "1"]
[TimeControl "40/5400+30:1800+30"]

1. e4 c5 2. c3 Nf6 3. e5 Nd5 4. Nf3 d6 5. Bc4 e6 6. d4 cxd4 7. cxd4 Nc6 8. O-O Be7 9. Bd2 O-O 10. Nc3 Nb6 11. Bb3 d5 12. Bc2 Bd7 13. a3 Rc8 14. Be3 Nc4 15. Qd3 g6 16. Bc1 b5 17. Ne2 f6 18. exf6 Bxf6 19. b3 e5 20. bxc4 e4 21. Qe3 exf3 22. Qxf3 dxc4 23. Be3 Rf7 24. Be4 Ne7 25. Nf4 Bc6 26. Rad1 Bxe4 27. Qxe4 Nf5 28. d5 Qd6 29. Bc1 c3 30. Qe6 Rd8 31. Rd3 a5 32. Qe4 Qe5 33. Qf3 Nd4 34. Qg4 Qf5 35. Qxf5 Nxf5 36. g4 Nd6 37. Ne6 Rc8 38. Be3 b4 39. axb4 axb4 40. Bc5 b3 41. Bxd6 b2 42. Bf4 c2 43. Rdd1 cxd1=Q 44. Rxd1 Ra7 0-1

[Event "IIFL Wealth 4th Mumbai GM"]
[Site "Mumbai"]
[Date "2018.12.31"]
[Round "2"]
[White "Aditya Mittal"]
[Black "Sardana, Rishi"]
[Result "1/2-1/2"]
[ECO "D35"]
[WhiteElo "2251"]
[BlackElo "2398"]
[Annotator "NA"]
[PlyCount "159"]
[EventDate "2018.12.30"]
[EventType "swiss"]
[EventCountry "IND"]
[SourceTitle "playchess.com"]
[Source "ChessBase"]
[SourceQuality "1"]
[TimeControl "40/5400+30:1800+30"]

1. d4 e6 2. c4 Nf6 3. Nc3 d5 4. cxd5 exd5 5. Bg5 c6 6. e3 Nbd7 7. Bd3 Be7 8. Nge2 Nh5 9. Bxe7 Qxe7 10. g4 Nhf6 11. Ng3 g6 {D35: Queen's Gambit Declined: Exchange Variation} 12. Qe2 Nb6 13. g5 {LiveBook: 4 Games} Ng8 14. h4 h6 15. O-O-O Be6 16. h5 Qxg5 17. hxg6 fxg6 18. Rdg1 {[#]} Bf7 $146 ({Predecessor:} 18... Qf6 19. Bxg6+ Qxg6 {1-0 (28) Jobava,B (2712)-Heberla,B (2558) Austria 2018}) 19. Nh5 Qe7 20. Bxg6 O-O-O 21. Bxf7 Qxf7 22. Rg7 Qf5 23. Nf4 Kb8 24. Rh5 Qf6 25. Qg4 Qd6 26. Rg6 Nf6 27. Qh4 Rdf8 28. Rf5 Nbd7 29. Nh5 Qe6 30. Qf4+ Ka8 31. Nxf6 Rf7 32. Ne2 c5 33. Ng3 cxd4 34. Rg8+ Rxg8 35. Nxg8 Rxf5 36. Qxf5 Qxg8 37. Qxd7 dxe3 38. Qf5 d4 39. Ne2 d3 40. Qxd3 exf2 41. Nc3 Qg5+ 42. Kc2 Qf6 43. Qf1 a6 44. Nd1 Qc6+ 45. Kd2 Qd5+ 46. Ke2 Qxa2 47. Qxf2 Qc4+ 48. Kd2 Qb4+ 49. Kc1 h5 50. Qe3 h4 51. Nf2 Qc4+ 52. Kd1 Qd5+ 53. Ke1 Qa5+ 54. Kd1 Qd5+ 55. Kc1 Qc6+ 56. Kb1 Qg6+ 57. Ka2 Qg8+ 58. b3 Qg3 59. Qc5 Qf4 60. Ka3 Qf3 61. Qd4 Qf8+ 62. Kb2 Qe7 63. Nd3 Qh7 64. Nc5 Qc7 65. Nd7 Qh2+ 66. Ka3 h3 67. Nb6+ Ka7 68. Nd7+ Ka8 69. Kb4 Qg3 70. Qh8+ Ka7 71. Qd4+ Ka8 72. Nb6+ Kb8 73. Qd8+ Ka7 74. Nc8+ Kb8 75. Nb6+ Ka7 76. Nc8+ Kb8 77. Nd6+ Ka7 78. Nc8+ Kb8 79. Nd6+ $11 Ka7 80. Nc8+ 1/2-1/2

[Event "IIFL Wealth 4th Mumbai GM"]
[Site "Mumbai"]
[Date "2018.12.31"]
[Round "2"]
[White "Varga, Klara"]
[Black "Mohammad Fahad, Rahman"]
[Result "0-1"]
[ECO "A13"]
[WhiteElo "2242"]
[BlackElo "2381"]
[Annotator "NA"]
[PlyCount "72"]
[EventDate "2018.12.30"]
[EventType "swiss"]
[EventCountry "IND"]
[SourceTitle "playchess.com"]
[Source "ChessBase"]
[SourceQuality "1"]
[TimeControl "40/5400+30:1800+30"]

1. c4 e6 2. Nc3 d5 3. e3 Nf6 4. Nf3 Be7 5. b3 c5 6. Bb2 Nc6 7. cxd5 exd5 8. d4 Qa5 9. Qd2 O-O 10. Be2 cxd4 11. Nxd4 Nxd4 12. exd4 Bf5 13. O-O Rac8 14. Qf4 Bg6 15. Rac1 Bb4 16. Qg3 Bxc3 17. Bxc3 Qxa2 18. Bb4 Qxe2 19. Bxf8 Rxf8 20. Qd6 Re8 21. Qb4 Qg4 22. Qxb7 Bd3 23. Rfe1 Be4 24. f3 Bxf3 25. Rxe8+ Nxe8 26. Rc2 Qxd4+ 27. Rf2 Bh5 28. Qd7 f6 29. h3 Bg6 30. b4 h5 31. b5 Kh7 32. h4 Qc5 33. Qc6 Qd4 34. Qd7 Qb6 35. Qxd5 Nd6 36. Qc6 Qd4 0-1

[Event "IIFL Wealth 4th Mumbai GM"]
[Site "Mumbai"]
[Date "2018.12.31"]
[Round "2"]
[White "Wagh Suyog"]
[Black "Rathnakaran, K.."]
[Result "1-0"]
[ECO "A04"]
[WhiteElo "2240"]
[BlackElo "2366"]
[Annotator "NA"]
[PlyCount "75"]
[EventDate "2018.12.30"]
[EventType "swiss"]
[EventCountry "IND"]
[SourceTitle "playchess.com"]
[Source "ChessBase"]
[SourceQuality "1"]
[TimeControl "40/5400+30:1800+30"]

1. Nf3 g6 2. g3 Bg7 3. d4 c5 4. c3 cxd4 5. cxd4 Nf6 6. Bg2 O-O 7. Nc3 d5 8. O-O Nc6 9. Ne5 Be6 10. Nxc6 bxc6 11. Na4 Qc8 12. b3 Bh3 13. Bb2 h5 14. Rc1 h4 15. Qc2 Bh6 16. e3 Bxg2 17. Kxg2 Kg7 18. Nc5 Rh8 19. Rh1 h3+ 20. Kf1 Ng4 21. Ke2 Rd8 22. Rce1 a5 23. Kd1 Kh7 24. Kc1 e5 25. dxe5 d4 26. Kb1 dxe3 27. fxe3 Nxe3 28. Qe4 Qf5 29. Bc1 Rd4 30. Qxf5 Nxf5 31. Bb2 Rd2 32. g4 Nh4 33. Ne4 Rg2 34. Rhf1 Rxh2 35. Rxf7+ Bg7 36. Bc3 Rf8 37. e6 Rxf7 38. Ng5+ 1-0

[Event "IIFL Wealth 4th Mumbai GM"]
[Site "Mumbai"]
[Date "2018.12.31"]
[Round "2"]
[White "Kurbonboeva, Sarvinoz"]
[Black "Rozum, Ivan"]
[Result "1/2-1/2"]
[ECO "A53"]
[WhiteElo "2214"]
[BlackElo "2589"]
[Annotator "RC"]
[PlyCount "117"]
[EventDate "2018.12.30"]
[EventType "swiss"]
[EventCountry "IND"]
[SourceTitle "playchess.com"]
[Source "ChessBase"]
[SourceQuality "1"]
[TimeControl "40/5400+30:1800+30"]

1. d4 Nf6 2. c4 d6 3. Nf3 g6 4. g3 Bg7 5. Bg2 Bf5 6. O-O O-O 7. Nc3 Ne4 8. Nxe4 Bxe4 9. Bh3 Bc6 10. Bg2 e5 11. d5 Bd7 12. Bg5 Qe8 13. Qd2 a5 14. Bh6 b6 15. Bxg7 Kxg7 16. b3 Na6 17. a3 Nc5 18. Rab1 Bf5 19. Rb2 Qd7 20. Nh4 Bh3 21. b4 Bxg2 22. Nxg2 Ne4 23. Qc2 f5 24. f3 Nf6 25. Rd1 axb4 26. axb4 Ra3 27. c5 Rfa8 28. cxb6 cxb6 29. Qc6 b5 30. Rc2 Ra1 31. Qxd7+ Nxd7 32. Rxa1 Rxa1+ 33. Kf2 Nf6 34. Rc7+ Kf8 35. Rb7 Nxd5 36. Rxb5 Nc3 37. Ra5 Rb1 38. Ra7 Rb2 39. Rxh7 Nxe2 40. Kf1 Nd4 41. f4 e4 42. Rd7 Nf3 43. h3 Rd2 44. b5 Ke8 45. Rg7 Kd8 46. b6 Kc8 47. g4 d5 48. Ne3 Kb8 49. Rd7 Nh2+ 50. Ke1 Nf3+ 51. Kf1 Nh2+ 52. Ke1 Nf3+ 53. Kf1 fxg4 54. hxg4 d4 55. Nc4 Nh2+ 56. Ke1 Nf3+ 57. Kf1 Nh2+ 58. Ke1 Nf3+ 59. Kf1 1/2-1/2

[Event "IIFL Wealth 4th Mumbai GM"]
[Site "Mumbai"]
[Date "2018.12.31"]
[Round "2"]
[White "Divya Deshmukh"]
[Black "Triton, Maxime"]
[Result "1-0"]
[ECO "B85"]
[WhiteElo "2190"]
[BlackElo "1937"]
[Annotator "NA"]
[PlyCount "48"]
[EventDate "2018.12.30"]
[EventType "swiss"]
[EventCountry "IND"]
[SourceTitle "playchess.com"]
[Source "ChessBase"]
[SourceQuality "1"]
[TimeControl "40/5400+30:1800+30"]

1. e4 c5 2. Nf3 e6 3. d4 cxd4 4. Nxd4 Nc6 5. Nc3 Qc7 6. Be2 a6 7. Be3 Nf6 8. O-O Be7 9. f4 d6 10. Qe1 O-O 11. Qg3 Bd7 12. Rad1 b5 13. a3 Rac8 14. Bf3 Na5 15. e5 Ne8 16. exd6 Nxd6 17. f5 Ndc4 18. Bf4 Qa7 19. Bh6 g6 20. fxg6 hxg6 21. Be4 Bd6 22. Qf2 Be5 23. Bxf8 Rxf8 24. Bxg6 f5 1-0

[Event "IIFL Wealth 4th Mumbai GM"]
[Site "Mumbai"]
[Date "2018.12.31"]
[Round "2"]
[White "Surendran N"]
[Black "Lama, Milan"]
[Result "1/2-1/2"]
[ECO "D25"]
[WhiteElo "2176"]
[BlackElo "1897"]
[Annotator "NA"]
[PlyCount "65"]
[EventDate "2018.12.30"]
[EventType "swiss"]
[EventCountry "IND"]
[SourceTitle "playchess.com"]
[Source "ChessBase"]
[SourceQuality "1"]
[TimeControl "40/5400+30:1800+30"]

1. d4 d5 2. Nf3 Nf6 3. c4 dxc4 4. e3 Bg4 5. Bxc4 e6 6. h3 Bh5 7. Nbd2 a6 8. O-O Nc6 9. a3 Bd6 10. b4 O-O 11. Bb2 Re8 12. Qb3 Bg6 13. Rad1 a5 14. Ne5 axb4 15. axb4 Bxe5 16. dxe5 Nd7 17. f4 Qe7 18. Bc3 Nb6 19. e4 h6 20. f5 Bh7 21. Rf3 Nxc4 22. Nxc4 Na7 23. Rdf1 Nb5 24. Rg3 Qd7 25. Bb2 Kh8 26. Qe3 Rg8 27. Rf4 Qc6 28. Na5 Qc2 29. Rf2 Qd1+ 30. Rf1 Qc2 31. Rf2 Qd1+ 32. Rf1 Qc2 33. Rf2 1/2-1/2

[Event "IIFL Wealth 4th Mumbai GM"]
[Site "Mumbai"]
[Date "2018.12.31"]
[Round "2"]
[White "Subrota, Biswas"]
[Black "Arya Nirag Shah"]
[Result "0-1"]
[ECO "B61"]
[WhiteElo "2171"]
[BlackElo "1812"]
[Annotator "NA"]
[PlyCount "60"]
[EventDate "2018.12.30"]
[EventType "swiss"]
[EventCountry "IND"]
[SourceTitle "playchess.com"]
[Source "ChessBase"]
[SourceQuality "1"]
[TimeControl "40/5400+30:1800+30"]

1. e4 c5 2. Nf3 d6 3. d4 Nf6 4. Nc3 cxd4 5. Nxd4 Nc6 6. Bg5 Bd7 7. Qd2 Rc8 8. O-O-O Nxd4 9. Qxd4 Qa5 10. Bxf6 gxf6 11. Kb1 Qc5 12. Qd2 Bg7 13. f4 f5 14. e5 O-O 15. exd6 e6 16. Ne2 Rfd8 17. Nc1 Ba4 18. Nb3 Bxb3 19. axb3 Rc6 20. d7 Rxd7 21. Qc1 Rdd6 22. Rxd6 Rxd6 23. Be2 a5 24. Re1 Kf8 25. Rd1 Rxd1 26. Qxd1 Qd4 27. Qxd4 Bxd4 28. g4 fxg4 29. Bxg4 f5 30. Bf3 Be3 0-1

[Event "IIFL Wealth 4th Mumbai GM"]
[Site "Mumbai"]
[Date "2018.12.31"]
[Round "2"]
[White "Deshpande, Aniruddha"]
[Black "Kulkarni, Vikramaditya"]
[Result "1/2-1/2"]
[ECO "A40"]
[WhiteElo "2167"]
[BlackElo "2345"]
[Annotator "NA"]
[PlyCount "83"]
[EventDate "2018.12.30"]
[EventType "swiss"]
[EventCountry "IND"]
[SourceTitle "playchess.com"]
[Source "ChessBase"]
[SourceQuality "1"]
[TimeControl "40/5400+30:1800+30"]

1. d4 e6 2. c4 d5 3. Nf3 c6 4. g3 Bd6 5. Bg2 f5 6. O-O Nf6 7. Nc3 O-O 8. Qc2 b6 9. cxd5 exd5 10. Bf4 Bxf4 11. gxf4 a5 12. Ne5 Ra7 13. a3 Ng4 14. e3 Qh4 15. Nf3 Qe7 16. h3 Nf6 17. Na4 Qc7 18. Rfc1 Ne4 19. Qb3 Rb7 20. Rc2 Bd7 21. Rac1 Kh8 22. Ne5 Be8 23. Nc3 Qd6 24. Na4 Qe7 25. f3 Nd6 26. Nc3 h6 27. Ne2 Kh7 28. Qd3 g5 29. Kh2 Qf6 30. Rg1 Rg7 31. Qb3 Qd8 32. Bf1 b5 33. Qd3 a4 34. Qc3 Rfg8 35. Qe1 Nc4 36. Qf2 Qf6 37. Nc1 gxf4 38. Rxg7+ Rxg7 39. exf4 Nd7 40. Ncd3 Nf8 41. Nc5 Nd6 42. Qe1 1/2-1/2